 Dungeon Crawl Stone Soup version 0.24-a0-613-g1ff6aac338 (webtiles) character file.

Game seed: 6178881036519885314, levelgen mode: deterministic

14 Jorund the Sneak (level 2, -1/13 HPs)
             Began as a Vine Stalker Enchanter on Sept 10, 2019.
             Slain by an ooze (2 damage)
             ... on level 1 of the Dungeon.
             The game lasted 00:01:23 (567 turns).

Jorund the Sneak (Vine Stalker Enchanter)            Turns: 567, Time: 00:01:23

Health: -1/13      AC:  2    Str:  9 (10) XL:     2   Next: 41%
Magic:  0/6        EV: 12    Int: 12 (15) God:
Gold:   66         SH:  0    Dex: 13 (14) Spells: 4/5 levels left

rFire    . . .     SeeInvis .   c - +1 dagger (holy)
rCold    . . .     Gourm    .   (no shield)
rNeg     . . .     Faith    .   b - +0 robe
rPois    .         Spirit   +   (no helmet)
rElec    .         Reflect  .   (no cloak)
rCorr    .         Harm     .   (no gloves)
MR       .....                  (no boots)
Stlth    ++........             (no amulet)
HPRegen  0.04/turn              (no ring)
MPRegen  0.10/turn              (no ring)

@: no status effects
A: fangs 2, magic shield, antimagic bite, no potion heal 3, rot immunity
a: no special abilities


You were on level 1 of the Dungeon.
You were not hungry.

You visited 1 branch of the dungeon, and saw 1 of its levels.

You collected 66 gold pieces.

Inventory:

Hand Weapons
 c - a +1 dagger of holy wrath (weapon)
Missiles
 g - 14 poisoned darts (quivered)
Armour
 b - a +0 robe (worn)
Scrolls
 a - a scroll of enchant weapon {unknown}
 f - a scroll of random uselessness {unknown}
 h - a scroll of enchant armour {unknown}
Potions
 e - a potion of degeneration
Comestibles
 d - 2 rations


   Skills:
 + Level 1.1 Short Blades
 + Level 1.6 Dodging
 + Level 3.7 Stealth
 + Level 2.3 Spellcasting
 + Level 3.4 Hexes


You had 4 spell levels left.
You knew the following spells:

 Your Spells              Type           Power        Failure   Level  Hunger
a - Corona                Hex            #......      6%          1    ##.....

Your spell library contained the following spells:

 Spells                   Type           Power        Failure   Level  Hunger
 Confuse                  Hex            #.......     19%         3    ####...
 Tukima's Dance           Hex            #.......     19%         3    ####...
 Ensorcelled Hibernation  Hex/Ice        #.....       21%         2    ###....
 Dazzling Spray           Conj/Hex       #.....       36%         3    ####...


Dungeon Overview and Level Annotations

Branches:
Dungeon (1/15)

Altars:


Innate Abilities, Weirdness & Mutations

You have extremely sharp teeth.
When hurt, damage is shared between your health and your magic reserves.
Your bite disrupts and absorbs the magic of your enemies.
Potions cannot restore your health.
You are immune to rotting.


Message History

The hobgoblin is outlined in light.
The hobgoblin hits you with a +0 club.
You barely miss the hobgoblin. The hobgoblin hits you with a +0 club.
You are too injured to fight recklessly!
You hit the hobgoblin.
The hobgoblin is lightly wounded.
The hobgoblin hits you with a +0 club.
* * * LOW HITPOINT WARNING * * *
Unknown command.
The ooze closely misses you.
It was a potion of degeneration.
There was something very wrong with that liquid.
You feel weakened.
You feel dopey.
You feel clumsy. The ooze hits you.
* * * LOW HITPOINT WARNING * * *
Unknown command.
The hobgoblin stops glowing.
You hit the ooze.
The ooze is lightly wounded.
The ooze hits you.
You die...

..........#...###......# ###...
..........'.....+......# #...
..........#######......# #...
..........#######......#######...
.(...[.......................+...
.................)g###########...
.#..............gg....... #...
.#(###'#########J######.. #...
.(.(....# #@# #... ........# #.#
........## #.# .........# #.#
.........## #.# ........).# #.#
........#†# #.#
........#(######+##
........#..#....... ########


You could see an ooze, 2 hobgoblins and a goblin.

Vanquished Creatures
  A giant cockroach (D:1)
  4 goblins (D:1)
  A hobgoblin (D:1)
  A kobold (D:1)
  3 bats (D:1)
  A rat (D:1)
11 creatures vanquished.

Notes
Turn   | Place    | Note
-------+----------+-------------------------------------------
     0 | D:1      | Jorund the Vine Stalker Enchanter began the quest for the
                  | Orb.
     0 | D:1      | Reached XP level 1. HP: 9/9 MP: 4/4
    58 | D:1      | Reached skill level 1 in Short Blades
   409 | D:1      | Reached XP level 2. HP: 13/13 MP: 4/6
   567 | D:1      | Slain by an ooze

Levels and vault maps discovered:
D:1:      minmay_arrival_four_loops, layout_basic

Skill      XL: |  1 |
---------------+----+-----
Short Blades   | 1 |  1.1
Dodging        | |  1.6
Stealth        | |  3.7
Spellcasting   | |  2.3
Hexes          | |  3.4

Action                   || total
-------------------------++-------
Melee: Dagger            ||    34
       Bite              ||     7
 Cast: Corona            ||     7
  Use: Potion            ||     1
 Stab: Sleeping          ||     1
Armor: Robe              ||    13
Dodge: Dodged            ||    26

Table legend:
 A = Non-vault XP
 B = Vault XP
 C = Vault XP percentage of total XP
 D = Non-vault monster count
 E = Vault monster count
 F = Vault count percentage of total count
                 A         B        C        D         E       F
            +---------+---------+-------+---------+---------+-------
      Total |      20 |       0 |   0.0 |      11 |       0 |   0.0
            +---------+---------+-------+---------+---------+-------
        D:1 |      20 |       0 |   0.0 |      11 |       0 |   0.0
            +---------+---------+-------+---------+---------+-------
